 Dungeon Crawl Stone Soup version 0.16.1-2-g95b8d4c (webtiles) character file.

4803 Woebin the Thaumaturge (level 10, -2/52 HPs)
             Began as a Deep Elf Summoner on Mar 24, 2015.
             Was a Priest of Sif Muna.
             Slain by a skeletal warrior
             ... wielding a +1 glaive of flaming
              (3 damage)
             ... on level 11 of the Dungeon.
             The game lasted 01:17:09 (10903 turns).

Woebin the Thaumaturge (Deep Elf Summoner)         Turns: 10903, Time: 01:17:09

Health: -2/52      AC:  8    Str:  5    XL:     10   Next: 24%
Magic:  35/41      EV: 14    Int: 22    God:    Sif Muna [***...]
Gold:   136        SH:  0    Dex: 15    Spells: 5 memorised, 16 levels left

rFire  + . .     SeeInvis +     a - +2 trident (holy)
rCold  + . .     Clarity  .     g - +1 robe {rC+ rF+}
rNeg   . . .     SustAb   .     (no shield)
rPois  +         Gourm    .     s - +2 helmet {SInv}
rElec  .         Spirit   .     u - +0 cloak
rCorr  .         Warding  .     (no gloves)
rMut   .         Stasis   .     X - +0 pair of boots
MR     +....                    E - amulet of faith
Stlth  +++.......               T - ring of poison resistance
                                l - ring of magical power

@: somewhat resistant to hostile enchantments, fairly stealthy
A: dopey 1
a: Channel Energy, Forget Spell, Renounce Religion


You were on level 11 of the Dungeon.
You worshipped Sif Muna.
Sif Muna was most pleased with you.
You were not hungry.

You visited 2 branches of the dungeon, and saw 12 of its levels.
You also visited: Bailey.

You collected 845 gold pieces.
You spent 709 gold pieces at shops.

Inventory:

Hand weapons
 a - a +2 trident of holy wrath (weapon)
Missiles
 R - 31 tomahawks of returning (quivered)
Armour
 g - a +1 robe of resistance (worn)
 s - a +2 helmet of see invisible (worn)
 u - a +0 cloak (worn)
 x - a +3 leather armour of magic resistance
 X - a +0 pair of boots (worn)
Magical staves
 F - an uncursed staff of death
Jewellery
 l - a ring of magical power (left hand)
 r - an uncursed ring of invisibility
 y - an uncursed ring of positive energy
 E - an amulet of faith (around neck)
 G - an uncursed amulet of clarity
 H - an uncursed ring of stealth
 T - a ring of poison resistance (right hand)
Magical devices
 d - a wand of hasting (2)
 i - a wand of invisibility (2)
 p - a wand of disintegration (6)
 A - a wand of heal wounds (4)
 J - a wand of flame (23)
 L - a wand of enslavement (10)
 M - a wand of teleportation (4)
 N - a wand of slowing (23)
 O - a wand of digging (12)
 P - a wand of slowing (11)
 Q - a wand of magic darts (36)
 V - a wand of confusion (19)
 W - a wand of digging (7)
 Z - a wand of magic darts (25)
Scrolls
 b - a scroll of identify
 e - 4 scrolls of blinking
 k - 4 scrolls of teleportation
 m - a scroll of fear
 q - a scroll of amnesia
 v - a scroll of enchant weapon {unknown}
 z - 2 scrolls of remove curse
 D - a scroll of enchant armour
 K - a scroll of magic mapping {unknown}
 S - a scroll of holy word {unknown}
 Y - a scroll of summoning {unknown}
Potions
 j - 2 potions of restore abilities
 t - 2 potions of curing
 w - 2 potions of agility
 B - a potion of cure mutation
 C - a potion of heal wounds {unknown}
 I - 2 potions of haste
Books
 o - a book of Callings

   Spells                             Type                      Level
   a - Summon Small Mammal            Summoning                    1
   b - Call Imp                       Summoning                    2
   c - Call Canine Familiar           Summoning                    3
   d - Summon Guardian Golem          Hexes/Summoning              4
   e - Summon Lightning Spire         Summoning/Air                4
   f - Summon Ice Beast               Ice/Summoning                4
Comestibles
 c - 12 bread rations
 f - 5 beef jerkies
 h - 10 meat rations
 n - 8 slices of pizza
 U - 12 fruits


   Skills:
 + Level 1.4 Fighting
   Level 0.4 Short Blades
 + Level 1.6 Polearms
 + Level 1.0 Throwing
 + Level 2.1 Armour
 + Level 4.1 Dodging
 + Level 4.7 Stealth
 + Level 12.1 Spellcasting
 + Level 1.1 Hexes
 + Level 10.5 Summonings
 + Level 4.6 Ice Magic
 + Level 1.4 Air Magic


You had 16 spell levels left.
You knew the following spells:

 Your Spells              Type           Power        Failure   Level  Hunger
a - Summon Guardian Gole  Hex/Summ       #####...     6%          4    None
b - Call Imp              Summ           ######..     1%          2    None
c - Call Canine Familiar  Summ           ######..     1%          3    None
d - Summon Ice Beast      Ice/Summ       #####...     1%          4    None
e - Summon Lightning Spi  Summ/Air       #####...     4%          4    None


Dungeon Overview and Level Annotations

Branches:
Dungeon (11/15)            Temple (1/1) D:7             Orc (0/4) D:10
   Lair: D:8-11

Altars:
Ashenzari
Cheibriados
Dithmenos
Elyvilon
Fedhas
Gozag
Kikubaaqudgha
Makhleb
Nemelex Xobeh
Okawaru
Qazlal
Ru
Sif Muna
Trog
Vehumet
Xom
Yredelemnul
Zin
The Shining One

Shops:
D:4 [   D:5 (   D:10 [[*=%:


Innate Abilities, Weirdness & Mutations

You are dopey. (Int -2)


Message History

You climb upwards.
There is a stone staircase leading down here.
You start resting.
Magic restored.
You start resting.
HP restored.
Casting: Call Imp
Confirm with . or Enter, or press ? or * to list all spells.
Casting: Call Canine Familiar
Confirm with . or Enter, or press ? or * to list all spells.
A guardian golem appears, shielding your allies.
You climb downwards.
Your summoned allies are left behind.
The skeletal warrior hits you with a glaive of flaming!!
Ouch! That really hurt!
The skeletal warrior burns you.
There is a stone staircase leading up, spattered with blood here.
The skeletal warrior hits you with a glaive of flaming!
* * * LOW HITPOINT WARNING * * *
The skeletal warrior burns you.
You die...

#.##.. ##..##
#.... #....# #.
#...# ##....#
#..##...# ##..##.#
#.......###...#
#......##....##
....#####..).....#
##z.......#
#@.#.......#
#.z##........
...###........
###.# #.##.... #.#
.## #.. ##. . # .
# #


You could see 2 skeletal warriors.

Vanquished Creatures
  A hippogriff (D:10)
  A sky beast (D:6)
  2 phantoms
  A black bear (D:9)
  A big kobold (D:8)
  A giant frog (D:7)
  A scorpion (D:9)
  A crimson imp (D:9)
  An orc wizard (D:9)
  2 iguanas
  An adder (D:3)
  A giant gecko (D:5)
  6 orcs
  3 hobgoblins
  A jackal (D:9)
  7 bats
  2 giant newts
  2 goblins
  4 kobolds
  A quokka (D:3)
  A quokka skeleton (D:9)
  4 rats
  A ballistomycete (D:10)
46 creatures vanquished.

Vanquished Creatures (collateral kills)
  A hydra (D:8)
  Erolcha (D:9)
  A hill giant (D:10)
  A cyclops (D:10)
  3 trolls (D:9)
  A guardian golem (D:11)
  5 yaks
  Edmund (D:6)
  A hippogriff (D:9)
  A water moccasin (D:7)
  2 phantoms (D:5)
  A wasp (D:10)
  A black bear (D:11)
  7 orc warriors
  4 ogres
  5 centaurs
  4 big kobolds
  Blork the orc (D:6)
  6 giant frogs
  2 wyvern zombies
  A scorpion (D:9)
  4 killer bees (D:10)
  4 crimson imps
  A giant frog skeleton (D:4)
  3 orc priests
  3 hounds
  2 jellies (D:9)
  An orc wizard (D:6)
  3 iguanas
  7 worker ants
  2 sheep (D:8)
  A worker ant zombie (D:7)
  10 adders
  7 gnolls
  A shadow imp (D:9)
  A giant mite (D:4)
  7 worms
  An ooze (D:1)
  30 orcs
  7 bats
  4 giant cockroaches
  15 hobgoblins
  12 jackals
  30 kobolds
  2 quokkas (D:7)
  A ball python (D:6)
  3 giant geckos
  3 giant newts (D:2)
  A giant spore (D:10)
  14 goblins
  A quokka skeleton (D:4)
  8 rats
239 creatures vanquished.

Vanquished Creatures (others)
  A skeletal warrior (D:11)
  A guardian golem (D:11)
  15 wolves
  2 wargs (D:9)
  16 ice beasts
  9 crimson imps
  13 hounds
  4 lightning spires
  4 shadow imps
  4 white imps
  A quokka (D:1)
70 creatures vanquished.

Grand Total: 355 creatures vanquished

Notes
Turn   | Place    | Note
--------------------------------------------------------------
     0 | D:1      | Woebin, the Deep Elf Summoner, began the quest for the Orb.
     0 | D:1      | Reached XP level 1. HP: 10/10 MP: 5/5
   670 | D:1      | Reached XP level 2. HP: 15/15 MP: 4/8
   674 | D:1      | Learned a level 2 spell: Call Imp
  1277 | D:2      | Reached XP level 3. HP: 12/19 MP: 4/12
  1282 | D:2      | Learned a level 3 spell: Call Canine Familiar
  1722 | D:2      | Reached skill level 5 in Summonings
  2384 | D:3      | Reached XP level 4. HP: 24/24 MP: 16/16
  2398 | D:3      | Reached skill level 5 in Spellcasting
  2404 | D:3      | Learned a level 4 spell: Summon Ice Beast
  3127 | D:4      | Found a basalt altar of Yredelemnul.
  3254 | D:4      | Found Thremnes' Antique Armour Boutique.
  3254 | D:4      | Noticed an ogre
  3259 | D:4      | Killed an ogre
  3259 | D:4      | Reached skill level 1 in Ice Magic
  3259 | D:4      | Reached XP level 5. HP: 28/28 MP: 13/20
  3374 | D:4      | Bought a glowing helmet for 103 gold pieces
  3496 | D:4      | Got a shimmering short sword
  3497 | D:4      | Identified the +9 short sword "Liczeal" {elec, rF- rC+ MR- Dex+5 SInv} (You found it on level 4 of the Dungeon)
  3927 | D:5      | Entered Level 5 of the Dungeon
  4119 | D:5      | Reached skill level 6 in Spellcasting
  4269 | D:5      | Noticed a phantom
  4305 | D:5      | Killed a phantom
  4305 | D:5      | Reached XP level 6. HP: 32/32 MP: 22/22
  4616 | D:5      | Noticed a phantom
  4645 | D:5      | Killed a phantom
  4848 | D:5      | Found Ucyhebem's Weapon Shoppe.
  5157 | D:6      | Noticed a yak
  5573 | D:6      | Noticed Blork the orc
  5584 | D:6      | Killed Blork the orc
  5747 | D:6      | Noticed Edmund
  5757 | D:6      | Killed Edmund
  5757 | D:6      | Reached skill level 7 in Spellcasting
  5757 | D:6      | Reached XP level 7. HP: 36/36 MP: 24/25
  5855 | D:6      | Noticed a yak
  5856 | D:6      | Noticed a yak
  5865 | D:6      | Killed a yak
  5886 | D:6      | Killed a yak
  5897 | D:6      | Killed a yak
  6150 | D:6      | Reached skill level 8 in Spellcasting
  6218 | D:7      | Reached XP level 8. HP: 41/41 MP: 19/27
  6234 | D:7      | Reached skill level 1 in Armour
  6383 | D:7      | Learned a level 4 spell: Summon Lightning Spire
  6398 | D:7      | Found a staircase to the Ecumenical Temple.
  6420 | Temple   | Entered the Ecumenical Temple
  6505 | Temple   | Became a worshipper of Sif Muna the Loreminder
  7367 | D:8      | Reached skill level 9 in Spellcasting
  7382 | D:8      | Acquired Sif Muna's first power
  7408 | D:8      | Noticed a three-headed hydra
  7419 | D:8      | Killed a three-headed hydra
  7419 | D:8      | Reached XP level 9. HP: 38/46 MP: 3/30
  7419 | D:8      | Reached skill level 10 in Spellcasting
  7454 | D:8      | Acquired Sif Muna's second power
  8022 | D:9      | Reached skill level 1 in Fighting
  8022 | D:9      | Reached skill level 1 in Air Magic
  8784 | D:9      | Noticed Erolcha
  8806 | D:9      | Killed Erolcha
  8806 | D:9      | Reached skill level 1 in Polearms
  8806 | D:9      | Reached skill level 11 in Spellcasting
  8844 | D:9      | Reached skill level 10 in Summonings
  8887 | D:9      | Learned a level 4 spell: Summon Guardian Golem
  9122 | D:10     | Entered Level 10 of the Dungeon
  9157 | D:10     | Noticed a cyclops
  9164 | D:10     | Killed a cyclops
  9412 | D:10     | Found a staircase to the Orcish Mines.
  9420 | D:10     | Found a flagged portal.
  9452 | D:10     | Got an ancient hand axe
  9464 | D:10     | Got an ancient hand axe
  9467 | Bailey   | Entered a bailey
  9468 | Bailey   | Identified the +8 hand axe "Stame" {chop, Dex+2} (You found it on level 10 of the Dungeon)
  9469 | Bailey   | Identified the +5 hand axe "Cruom" {distort, rPois rC- MR+ Str+2 Dex+4} (You found it on level 10 of the Dungeon)
  9476 | Bailey   | Gained mutation: You are dopey. (Int -2) [mutagenic glow]
  9661 | Bailey   | Reached XP level 10. HP: 52/52 MP: 11/32
 10071 | D:10     | Noticed a hill giant
 10078 | D:10     | Killed a hill giant
 10078 | D:10     | Reached skill level 1 in Throwing
 10105 | D:10     | Found Cluut's Antique Armour Shoppe.
 10108 | D:10     | Bought a slimy robe for 165 gold pieces
 10123 | D:10     | Identified the cursed -3 robe of the Accordion {+Inv Str+3} (You bought it in a shop on level 10 of the Dungeon)
 10150 | D:10     | Found Xoamyth's Serpentskin Sales.
 10154 | D:10     | Bought a potion of poison for 11 gold pieces
 10212 | D:10     | Found Rodassul's Food Shop.
 10213 | D:10     | Found Phaohew's Jewellery Shoppe.
 10437 | D:10     | Bought an uncursed ring of poison resistance for 280 gold pieces
 10486 | D:10     | Found Yneigiom's Antique Armour Boutique.
 10489 | D:10     | Bought a runed robe for 20 gold pieces
 10489 | D:10     | Bought a pair of boots for 130 gold pieces
 10543 | D:10     | Reached skill level 1 in Hexes
 10770 | D:10     | Found Gaorer's Book Boutique.
 10806 | D:11     | Noticed a skeletal warrior
 10806 | D:11     | Noticed a skeletal warrior
 10820 | D:11     | Noticed a skeletal warrior
 10832 | D:11     | Killed a skeletal warrior
 10832 | D:11     | Reached skill level 12 in Spellcasting
 10903 | D:11     | HP: 1/52 [skeletal warrior/glaive of flaming (16)]
 10903 | D:11     | Slain by a skeletal warrior

Action                   |  1- 3 |  4- 6 |  7- 9 | 10-12 || total
-------------------------+-------+-------+-------+-------++-------
Melee: Unarmed           |     3 |       |       |       ||     3
       Dagger            |     6 |    48 |    24 |       ||    78
       Spear             |     2 |       |       |       ||     2
       Trident           |       |       |    82 |    17 ||    99
Throw: Tomahawk          |       |       |     9 |     2 ||    11
 Cast: Summon Small Mamm |    33 |       |     1 |       ||    34
       Call Imp          |    26 |    39 |     8 |     1 ||    74
       Call Canine Famil |     9 |    25 |    32 |     9 ||    75
       Summon Ice Beast  |       |    10 |    36 |     2 ||    48
       Summon Lightning  |       |       |    12 |     2 ||    14
       Summon Guardian G |       |       |       |     6 ||     6
Invok: Forget Spell      |       |       |     1 |       ||     1
Evoke: Wand              |       |     1 |     1 |     1 ||     3
  Use: Potion            |       |     3 |     3 |       ||     6
       Scroll            |       |     4 |     7 |     2 ||    13
 Stab: Sleeping          |     1 |     1 |     3 |       ||     5
       Distracted        |       |       |     4 |       ||     4
  Eat: Chunk             |     5 |    13 |    15 |     3 ||    36
